 Dungeon Crawl Stone Soup version 0.21-a0-265-gb353147 (webtiles) character file.

12422 Monsterracer the Cleaver (level 11, -9/106 HPs)
             Began as a Deep Dwarf Fighter on Sept 12, 2017.
             Was a Priest of Makhleb.
             Mangled by a spiny frog (17 damage)
             ... on level 3 of the Lair of Beasts.
             The game lasted 00:14:54 (9878 turns).

Monsterracer the Cleaver (Deep Dwarf Fighter)       Turns: 9878, Time: 00:14:55

Health: -9/106     AC: 17    Str: 28    XL:     11   Next: 62%
Magic:  6/6        EV:  9    Int: 10    God:    Makhleb [***...]
Gold:   516        SH: 12    Dex: 12    Spells: 10/10 levels left

rFire    . . .     SeeInvis .   a - +1 war axe
rCold    + + .     Gourm    .   c - +0 shield
rNeg     . . .     Faith    .   x - +0 plate armour
rPois    .         Spirit   .   F - +1 helmet
rElec    .         Reflect  .   t - +0 cloak
rCorr    .         Harm     .   (no gloves)
MR       ++...                  (no boots)
Stlth    ..........             r - amulet of rage
HPRegen  0.00/turn              y - ring of protection from cold
MPRegen  0.10/turn              o - ring of protection from magic

@: lethally poisoned (-9 -> -9), non-regenerating
A: damage resistance, heal wounds, blurry vision 1, clever 1, cold resistance 1,
sense surroundings 2, strong 2, no regeneration
a: Heal Wounds, Minor Destruction, Lesser Servant of Makhleb, Renounce Religion,
Evoke Berserk Rage


You were on level 3 of the Lair of Beasts.
You worshipped Makhleb.
Makhleb was most pleased with you.
You were very hungry.

You visited 3 branches of the dungeon, and saw 13 of its levels.

You collected 766 gold pieces.
You spent 250 gold pieces at shops.

Inventory:

Hand Weapons
 a - a +1 war axe (weapon)
Armour
 c - a +0 shield (worn)
 t - a +0 cloak (worn)
 x - a +0 plate armour (worn)
 F - a +1 helmet (worn)
Jewellery
 k - a cursed amulet of inaccuracy {unknown}
 o - a ring of protection from magic (right hand)
 r - an amulet of rage (around neck)
 y - a ring of protection from cold (left hand)
Scrolls
 b - a scroll of fog
 d - 2 scrolls of blinking
 h - 9 scrolls of remove curse
 j - 6 scrolls of teleportation
 n - a scroll of magic mapping
 p - 5 scrolls of enchant weapon
Potions
 e - 6 potions of agility
 g - a potion of resistance
 i - 5 potions of curing
 l - 4 potions of flight
 s - 3 potions of lignification
 u - a potion of haste {unknown}
 v - 2 potions of cancellation
 z - a potion of brilliance {unknown}
 A - 2 potions of heal wounds
 B - a potion of mutation {unknown}
 C - 3 potions of might
 G - 2 potions of magic
Comestibles
 f - 9 bread rations
 m - 3 meat rations
 q - 5 fruits
 w - 5 royal jellies


   Skills:
 * Level 9.3 Fighting
 * Level 10.7 Axes
 + Level 8.2 Armour
 + Level 7.0 Dodging
 + Level 8.0 Shields
 + Level 6.0 Invocations
 - Level 4.0 Evocations


You had 10 spell levels left.
You didn't know any spells.

Dungeon Overview and Level Annotations

Branches:
Dungeon (8/15)             Temple (1/1) D:4            Lair (4/6) D:8
  Swamp: Lair:2-4    Shoals: Lair:2-4     Snake: Lair:2-4    Spider: Lair:2-4

Altars:
Cheibriados
Fedhas
Hepliaklqana
Kikubaaqudgha
Makhleb
Okawaru
Ru
Trog
Wu Jian
The Shining One

Shops:
D:6 =

Annotations:
Lair:2 exclusion: oklob plant


Innate Abilities, Weirdness & Mutations

You are resistant to damage.
You can heal yourself by infusing magical energy.
You passively map the area around you.
You do not regenerate.
Scrolls take you a little longer to read.
Your mind is acute. (Int +2)
Your flesh is cold resistant. (rC+)
Your muscles are very strong. (Str +4)


Message History

The spiny frog stings you!
* * * LOW HITPOINT WARNING * * *
Unknown command.
You slash the spiny frog!
The spiny frog is heavily wounded.
You slash the fungus! The spiny frog stings you!
* * * LOW HITPOINT WARNING * * *
You are poisoned.
The spiny frog poisons you!
Huge Dmg: -8%(-8hp) hp: 8%(8hp)
You hit the spiny frog but do no damage.
The spiny frog is heavily wounded.
You slash the fungus!
You destroy the fungus!
You block the spiny frog's attack. x2
Unknown command.
You barely miss the spiny frog.
The spiny frog is heavily wounded.
The spiny frog stings you!!
You die...

#...............# #..#
##.......#...#.## ##.#
##.......#....######..
###................##...
##.#.......#.............
##..........###.##.####...
#...#.###...###.########..
##.##.# #.#.#.#.#####....#
#..#.###@F...............
#....##.....#....###PP###
#..#.##P..##...### ####
#..........(...#
##.....#P#....)#
###..#####.#### ##.# ##..#
#.## #..## #..# ##.# ###


You could see a spiny frog.

Vanquished Creatures
  A hydra (Lair:3)
  Erica (Lair:2)
  Nergalle (Lair:1)
  The ghost of p0werm0de the Frost Mage, a novice OpIE of Ashenzari (D:8)
  6 spiny frogs
  4 komodo dragons
  A slime creature (D:8)
  A hippogriff (D:8)
  A spriggan (D:7)
  2 wyverns (D:8)
  3 basilisks
  3 yaks (Lair:1)
  2 hungry ghosts (D:8)
  An acid dragon (D:8)
  2 porcupines (Lair:3)
  A black bear (D:6)
  3 sky beasts
  3 orc warriors
  2 ice beasts
  5 ogres
  A phantom (D:6)
  6 centaurs
  5 crocodiles
  Blork the orc (D:5)
  A big kobold (D:8)
  11 bullfrogs
  3 scorpions
  6 killer bees (D:7)
  3 wights (D:7)
  4 howler monkeys
  A bullfrog zombie (D:6)
  3 crimson imps
  4 jellies
  A bullfrog skeleton (D:4)
  3 hounds
  Crazy Yiuf (D:2)
  2 orc priests (D:6)
  3 orc wizards
  3 iguanas
  7 worker ants
  2 hound skeletons (D:7)
  2 worker ant zombies (D:5)
  5 gnolls
  10 adders
  16 oozes
  An adder skeleton (D:5)
  2 worms
  2 dart slugs
  4 leopard geckos
  22 orcs
  9 bats
  7 giant cockroaches
  3 goblins
  3 hobgoblins
  17 jackals
  A quokka (D:5)
  A ball python (D:1)
  7 frilled lizards
  9 kobolds
  A leopard gecko skeleton (D:6)
  A quokka skeleton (D:4)
  7 rats
  3 fungi
248 creatures vanquished.

Vanquished Creatures (collateral kills)
  A hydra (Lair:2)
  A bullfrog (Lair:2)
2 creatures vanquished.

Vanquished Creatures (others)
  8 fungi (D:8)
  3 plants (D:7)
11 creatures vanquished.

Grand Total: 261 creatures vanquished

Notes
Turn   | Place    | Note
-------+----------+-------------------------------------------
     0 | D:1      | Monsterracer the Deep Dwarf Fighter began the quest for the Orb.
     0 | D:1      | Reached XP level 1. HP: 20/20 MP: 1/1
   129 | D:1      | Reached XP level 2. HP: 22/27 MP: 2/2
   607 | D:1      | Reached skill level 1 in Dodging
   607 | D:1      | Reached XP level 3. HP: 26/33 MP: 3/3
  1146 | D:2      | Found a runed door.
  1499 | D:2      | Noticed Crazy Yiuf
  1506 | D:2      | HP: 6/33 [Crazy Yiuf/quarterstaff of chaos (12)]
  1510 | D:2      | Killed Crazy Yiuf
  1510 | D:2      | Reached skill level 3 in Axes
  1510 | D:2      | Reached XP level 4. HP: 12/42 MP: 3/3
  1854 | D:3      | Reached skill level 1 in Evocations
  1858 | D:3      | Reached XP level 5. HP: 29/49 MP: 2/2
  2541 | D:4      | Reached skill level 4 in Axes
  2721 | D:4      | Reached XP level 6. HP: 46/57 MP: 4/4
  2809 | D:4      | Noticed a sky beast
  2821 | D:4      | Killed a sky beast
  2826 | D:4      | Gained mutation: Your mind is acute. (Int +2) [mutagenic meat]
  2827 | D:4      | Gained mutation: Scrolls take you a little longer to read. [mutagenic meat]
  2828 | D:4      | Gained mutation: Your muscles are strong. (Str +2) [mutagenic meat]
  2830 | D:4      | Gained mutation: Your flesh is cold resistant. (rC+) [mutagenic meat]
  2831 | D:4      | Gained mutation: Your muscles are very strong. (Str +4) [mutagenic meat]
  2920 | D:4      | HP: 23/57 [ogre/giant spiked club (16)]
  2924 | D:4      | HP: 5/57 [ogre/giant spiked club (18)]
  2946 | D:4      | Found a staircase to the Ecumenical Temple.
  2973 | Temple   | Entered the Ecumenical Temple
  3076 | Temple   | Became a worshipper of Makhleb the Destroyer
  3138 | D:4      | HP: 27/57 [ogre/giant club (8)]
  3142 | D:4      | HP: 8/57 [ogre/giant club (10)]
  3143 | D:4      | Reached XP level 7. HP: 9/64 MP: 5/5
  3209 | D:4      | HP: 30/64 [orc/flail (4)]
  3366 | D:4      | Reached skill level 5 in Axes
  3514 | D:5      | Entered Level 5 of the Dungeon
  3584 | D:5      | Noticed Blork the orc
  3596 | D:5      | Killed Blork the orc
  3760 | D:5      | Found a hazy altar of Hepliaklqana.
  3864 | D:5      | Found a glowing golden altar of the Shining One.
  3927 | D:5      | Reached skill level 5 in Armour
  3929 | D:5      | HP: 33/66 [ice beast (5)]
  3933 | D:5      | Reached XP level 8. HP: 36/73 MP: 5/5
  4043 | D:5      | Reached * piety under Makhleb
  4043 | D:5      | Reached skill level 5 in Fighting
  4152 | D:5      | HP: 30/74 [orc warrior/glaive (7)]
  4156 | D:5      | Reached skill level 5 in Shields
  4497 | D:5      | HP: 32/74 [centaur (6)]
  4502 | D:5      | Reached skill level 6 in Axes
  4626 | D:6      | Found Yseytuno's Jewellery Boutique.
  4626 | D:6      | HP: 33/74 [orc wizard/magic dart (10)]
  4633 | D:6      | HP: 29/74 [phantom (4)]
  4705 | D:6      | Bought an uncursed ring of protection from cold for 250 gold pieces
  4843 | D:6      | HP: 34/75 [orc priest/divine providence (8)]
  4875 | D:6      | HP: 34/76 [acid (1)]
  4894 | D:6      | HP: 32/76 [acid (2)]
  4906 | D:6      | HP: 25/76 [acid (5)]
  5000 | D:6      | HP: 38/76 [centaur/arrow (3)]
  5008 | D:6      | Reached skill level 7 in Axes
  5032 | D:6      | HP: 28/76 [bullfrog (2)]
  5036 | D:6      | Gained mutation: You passively map the area around you. [Deep Dwarf growth]
  5036 | D:6      | Reached XP level 9. HP: 28/82 MP: 4/4
  5074 | D:6      | Found a hazy altar of Hepliaklqana.
  5486 | D:7      | HP: 41/84 [something (4)]
  5500 | D:7      | HP: 38/84 [sky beast (1)]
  5577 | D:7      | HP: 39/85 [something (4)]
  5663 | D:7      | HP: 34/85 [wight/halberd (3)]
  5669 | D:7      | HP: 25/85 [wight/halberd (9)]
  5678 | D:7      | Reached ** piety under Makhleb
  5689 | D:7      | HP: 30/85 [orc warrior/scimitar (15)]
  5697 | D:7      | HP: 16/85 [orc warrior/scimitar (4)]
  5741 | D:7      | HP: 41/85 [killer bee (3)]
  5752 | D:7      | HP: 40/85 [killer bee (3)]
  5760 | D:7      | HP: 38/85 [killer bee (2)]
  5766 | D:7      | HP: 27/85 [killer bee (5)]
  5778 | D:7      | HP: 27/85 [killer bee (3)]
  5784 | D:7      | HP: 38/85 [killer bee (1)]
  5785 | D:7      | Reached skill level 8 in Axes
  5790 | D:7      | HP: 40/85 [scorpion (2)]
  5865 | D:7      | HP: 41/86 [wight/falchion (4)]
  6214 | D:7      | Reached skill level 5 in Dodging
  6276 | D:8      | Reached skill level 1 in Invocations
  6299 | D:8      | Noticed p0werm0de's ghost (novice OpIE)
  6311 | D:8      | Killed p0werm0de's ghost
  6357 | D:8      | Reached XP level 10. HP: 63/94 MP: 5/5
  6644 | D:8      | Paralysed by fainting for 5 turns
  6915 | D:8      | HP: 48/96 [crocodile (6)]
  6920 | D:8      | Reached *** piety under Makhleb
  6922 | D:8      | HP: 36/96 [acid (14)]
  6932 | D:8      | HP: 16/96 [centaur/arrow (2)]
  6947 | D:8      | HP: 33/96 [wyvern (1)]
  6959 | D:8      | HP: 51/144 [basilisk (9)]
  6961 | D:8      | Reached skill level 9 in Axes
  6993 | D:8      | HP: 31/96 [komodo dragon (20)]
  7078 | D:8      | Found a staircase to the Lair.
  7575 | Lair:1   | Entered Level 1 of the Lair of Beasts
  7723 | Lair:1   | Noticed a spiny frog
  7738 | Lair:1   | Killed a spiny frog
  7844 | Lair:1   | Noticed Nergalle
  7863 | Lair:1   | HP: 22/98 [Nergalle/bolt of negative energy (28)]
  7866 | Lair:1   | Killed Nergalle
  8109 | Lair:1   | Reached XP level 11. HP: 72/104 MP: 5/5
  8345 | Lair:2   | Noticed an oklob plant
  8364 | Lair:2   | Noticed Erica
  8380 | Lair:2   | Killed Erica
  8380 | Lair:2   | Reached skill level 10 in Axes
  8413 | Lair:2   | Reached skill level 5 in Invocations
  8440 | Lair:2   | HP: 50/104 [spiny frog (11)]
  8472 | Lair:2   | HP: 41/104 [komodo dragon (17)]
  8515 | Lair:2   | Noticed an eight-headed hydra
  8523 | Lair:2   | HP: 21/104 [eight-headed hydra (2)]
  8547 | Lair:2   | HP: 23/104 [eight-headed hydra (5)]
  8548 | Lair:2   | HP: 11/104 [eight-headed hydra (4)]
  8548 | Lair:2   | HP: 1/104 [eight-headed hydra (10)]
  8549 | Lair:2   | Killed an eight-headed hydra
  9127 | Lair:2   | Found a sacrificial altar of Ru.
  9160 | Lair:2   | HP: 49/106 [centaur/arrow (4)]
  9200 | Lair:3   | HP: 36/106 [bullfrog (4)]
  9231 | Lair:3   | HP: 43/106 [spiny frog (3)]
  9236 | Lair:3   | HP: 38/106 [poisoned by a spiny frog]
  9304 | Lair:3   | HP: 41/106 [crocodile (5)]
  9309 | Lair:3   | Noticed a seven-headed hydra
  9316 | Lair:3   | HP: 29/106 [seven-headed hydra (6)]
  9318 | Lair:3   | Killed a seven-headed hydra
  9420 | Lair:3   | HP: 14/106 [porcupine (4)]
  9422 | Lair:3   | Reached **** piety under Makhleb
  9860 | Lair:4   | HP: 21/106 [spiny frog (7)]
  9865 | Lair:4   | HP: 42/106 [spiny frog (2)]
  9870 | Lair:4   | HP: 27/106 [spiny frog (11)]
  9873 | Lair:3   | HP: 6/106 [spiny frog (9)]
  9878 | Lair:3   | Mangled by a spiny frog

Vault maps used:
D:1:      tarquinn_simple_flora_water_d
D:2:      first_bread, uniq_crazy_yiuf_cottage
D:3:      serial_corexii_hall, corexii_hall_statues_l, corexii_hall_statues_i
D:4:      temple_fountains
D:5:      tso_oasis_becter, basic_altar, item_on_display_b, uniq_blork_the_orc
D:6:      basic_altar, serial_shops, nicolae_shop_window_shopping,
          corexii_hall_statues_l, minmay_holes, hangedman_minor_gate_pass
D:7:      serial_bayou, serial_bayou_lagoon_a, serial_bayou_shore_a,
          serial_bayou_shore_b, serial_bayou_shore_b, the_bakery
D:8:      lemuel_slime, erik_lair_dragon
Temple:   roderic_octagonal_lattice_temple
Lair:1:   serial_bayou_pond_c, infiniplex_staircase_pool_2, uniq_nergalle
Lair:2:   lemuel_centaur_altar, minmay_lair_oklob_chamber, grunt_megastairs_3,
          uniq_erica
Lair:4:   elwin_shoals_entry_stream, minmay_snake_entry_guardpost_large,
          grunt_megastairs_2, serial_bayou_shore_b

Skill      XL: |  1  2  3  4  5  6  7  8  9 10 11 |
---------------+----------------------------------+-----
Dodging        | 1 2 3 4 5 6 7 |  7.0
Fighting       | 3 4 6 7 8 9 |  9.3
Axes           | 3 4 5 7 8 9 10 | 10.7
Armour         | 4 5 6 7 8 |  8.2
Evocations     | 1 3 4 |  4.0
Shields        | 4 5 6 7 8 |  8.0
Invocations    | 1 4 6 |  6.0

Action                   |  1- 3 |  4- 6 |  7- 9 | 10-12 || total
-------------------------+-------+-------+-------+-------++-------
Melee: War axe           |    86 |   198 |   369 |   373 ||  1026
Invok: Minor Destruction |       |       |     7 |    42 ||    49
       Lesser Servant of |       |       |       |     2 ||     2
 Abil: Heal Wounds       |     1 |     6 |    10 |     8 ||    25
       Evoke Berserk Rag |     1 |     2 |       |     1 ||     4
  Use: Scroll            |       |     9 |     5 |     7 ||    21
       Potion            |       |       |     1 |     1 ||     2
  Eat: Chunk             |     1 |    13 |    11 |    15 ||    40
       Royal jelly       |       |     1 |       |       ||     1
       Fruit             |       |       |     1 |     2 ||     3
Armor: Scale mail        |    40 |    79 |   119 |       ||   238
       Plate armour      |       |       |    15 |   155 ||   170
Dodge: Dodged            |    25 |    76 |   148 |   111 ||   360
Block: Shield            |    59 |   110 |   209 |   222 ||   600

Table legend:
 A = Spawn XP
 B = Non-spawn XP
 C = Spawn XP percentage of total XP
 D = Spawn monster count
 E = Non-spawn monster count
 F = Spawn count percentage of total count
 G = Total turns spent on level
                    A         B        C        D         E        F      G
               +---------+---------+-------+---------+---------+-------+---------
         Total |       0 |   17747 |   0.0 |       0 |     247 |   0.0 |  9878
               +---------+---------+-------+---------+---------+-------+---------
           D:1 |       0 |      48 |   0.0 |       0 |      27 |   0.0 |   790
           D:2 |       0 |      55 |   0.0 |       0 |       6 |   0.0 |   801
           D:3 |       0 |     159 |   0.0 |       0 |      32 |   0.0 |   916
           D:4 |       0 |     694 |   0.0 |       0 |      20 |   0.0 |   881
           D:5 |       0 |     920 |   0.0 |       0 |      26 |   0.0 |  1114
           D:6 |       0 |    1338 |   0.0 |       0 |      26 |   0.0 |   848
           D:7 |       0 |    1568 |   0.0 |       0 |      24 |   0.0 |   759
           D:8 |       0 |    3987 |   0.0 |       0 |      56 |   0.0 |  1340
        Lair:1 |       0 |    2653 |   0.0 |       0 |      10 |   0.0 |   695
        Lair:2 |       0 |    3289 |   0.0 |       0 |       9 |   0.0 |   919
        Lair:3 |       0 |    3036 |   0.0 |       0 |      11 |   0.0 |   668
               +---------+---------+-------+---------+---------+-------+---------
